 Dungeon Crawl Stone Soup version 0.31.0-9-g3a7656b989 (webtiles) character file.

Game seed: 3961943983297916667

129 qw the Skirmisher (level 4, -1/25 HPs)
             Began as a Deep Elf Hunter on Feb 2, 2024.
             Slain by a gnoll
             ... wielding a +0 club
              (2 damage)
             ... on level 3 of the Dungeon.
             The game lasted 00:00:07 (1809 turns).

qw the Skirmisher (Deep Elf Hunter)                 Turns: 1809, Time: 00:00:08

Health: -1/25      AC:  9    Str: 10    XL:     4   Next: 88%
Magic:  6/6        EV:  9    Int: 14    God:
Gold:   69         SH:  0    Dex: 18    Spells: 3/3 levels left

rFire   + . .        a - +0 shortbow
rCold   . . .        (shield currently unavailable)
rNeg    . . .        j - +0 scale mail
rPois   .            h - +2 helmet
rElec   .            (no cloak)
rCorr   .            (no gloves)
SInv    .            (no boots)
Will    .....        (no amulet)
Stlth   +            l - ring of protection from fire
HPRegen 0.24/turn    (no ring)
MPRegen 0.10/turn

%: no passive effects
@: no status effects
A: no striking features
a: no special abilities


You were on level 3 of the Dungeon.
You visited 1 branch of the dungeon, and saw 3 of its levels.

You collected 69 gold pieces.


   Skills:
 - Level 1.5 Fighting
 + Level 8.3 Ranged Weapons
 - Level 2.4 Dodging
 - Level 1.2 Stealth


You had 3 spell levels left.
You didn't know any spells.
Your spell library was empty.

Inventory:

Hand Weapons
 a - a +0 shortbow (weapon)
Armour
 c - a +0 ring mail
 h - a +2 helmet (worn)
 j - a +0 scale mail (worn)
Jewellery
 l - a ring of protection from fire (left hand)
Wands
 d - a wand of roots (10)
Scrolls
 e - a scroll of identify
 i - a scroll of amnesia {unknown}
Potions
 b - a potion of enlightenment {unknown}
 f - a potion of mutation
 g - a potion of haste {unknown}
 k - a potion of degeneration {unknown}

Dungeon Overview and Level Annotations

Branches:
Dungeon (3/15)

Altars:


Message History

The gnoll closely misses you. The gnoll hits you but does no damage.
An endoplasm comes into view.
The gnoll closely misses you. The gnoll barely misses you.
You shoot an arrow. The arrow hits the gnoll!
The gnoll is almost dead.
The gnoll hits you but does no damage. The gnoll closely misses you.
You shoot an arrow. The arrow hits the gnoll!
You kill the gnoll!
The gnoll hits you from afar with a +0 halberd!
You shoot an arrow. The arrow hits the gnoll!
The gnoll is severely wounded.
The gnoll barely misses you.
The gnoll hits you but does no damage. x2
The gnoll closely misses you.
You shoot an arrow. The arrow hits the gnoll.
The gnoll is almost dead.
The gnoll hits you from afar with a +0 halberd.
The gnoll hits you but does no damage.
You shoot an arrow. The arrow closely misses the gnoll.
The arrow hits the gnoll.
You kill the gnoll!
The gnoll hits you from afar with a +0 halberd.
The gnoll closely misses you.
You shoot an arrow. The arrow closely misses the gnoll.
The arrow hits the endoplasm but does no damage.
The gnoll hits you from afar with a +0 halberd!
The gnoll hits you but does no damage. The gnoll hits you with a +0 club.
The gnoll misses you.
You shoot an arrow.
The arrow hits the gnoll but does no damage.
The gnoll is almost dead.
The gnoll barely misses you. The gnoll hits you but does no damage.
You shoot an arrow. The arrow barely misses the gnoll.
The arrow hits the endoplasm but does no damage.
The gnoll closely misses you. The gnoll hits you but does no damage.
You shoot an arrow. The arrow closely misses the gnoll.
The arrow hits the endoplasm.
The endoplasm is severely wounded.
The gnoll hits you from afar with a +0 halberd.
The gnoll hits you with a +0 club.
You die...

#.# ###### #.#
...... #.#
.#####
#.############
#.%...........
#.............
#.####........
#.# #.#######
#.# #@# #.#
#g# #..


.Jg ### ##.## #.# ..# ... ..# You could see 2 gnolls and an endoplasm.

Vanquished Creatures
  3 adders
  2 gnolls (D:3)
  A ribbon worm (D:2)
  2 dart slugs (D:2)
  5 orcs (D:3)
  7 ball pythons
  4 bats
  8 endoplasms
  2 giant cockroaches
  5 goblins
  4 hobgoblins
  12 kobolds
  4 quokkas
  3 frilled lizards (D:1)
  4 rats
66 creatures vanquished.

Notes
Turn   | Place    | Note
-------+----------+-------------------------------------------
     0 | D:1      | qw the Deep Elf Hunter began the quest for the Orb.
     0 | D:1      | Reached XP level 1. HP: 12/12 MP: 3/3
     0 | D:1      | 0 ||| qw: Version: 0.3-a-155-g5e7d8dd
     0 | D:1      | 0 ||| qw: Game counter: 169
     0 | D:1      | 0 ||| qw: Melee chars always use a shield: true
     0 | D:1      | 0 ||| qw: God list: Okawaru
     0 | D:1      | 0 ||| qw: Allow faded altars: false
     0 | D:1      | 0 ||| qw: Do Orc after clearing Dungeon:15 true
     0 | D:1      | 0 ||| qw: Do second Lair branch before Depths: true
     0 | D:1      | 0 ||| qw: Lair rune preference: random
     0 | D:1      | 0 ||| qw: Goals: Normal
     0 | D:1      | 0 ||| PLANNING D:1-11
    95 | D:1      | Reached XP level 2. HP: 16/16 MP: 4/4
   102 | D:1      | Reached skill level 6 in Ranged Weapons
   431 | D:1      | 431 ||| UPGRADING to +0 helmet.
   437 | D:1      | 437 ||| READING scroll labelled FIREABB RUMUY.
   437 | D:1      | 437 ||| IDENTIFYING lumpy purple potion
   438 | D:1      | 438 ||| READING scroll labelled LOQETS QAISKYO.
   438 | D:1      | 438 ||| ENCHANTING +0 helmet.
   439 | D:1      | 439 ||| READING scroll labelled FOPTAAH UPYMETS.
   562 | D:1      | 562 ||| DROPPING scroll of butterflies.
   615 | D:2      | 615 ||| READING scroll of enchant armour.
   615 | D:2      | 615 ||| ENCHANTING +1 helmet.
   620 | D:2      | Reached XP level 3. HP: 20/20 MP: 5/5
   665 | D:2      | Reached skill level 7 in Ranged Weapons
  1014 | D:2      | Reached XP level 4. HP: 25/25 MP: 6/6
  1295 | D:2      | 1295 ||| FLEEEEING.
  1296 | D:2      | 1296 ||| FLEEEEING.
  1311 | D:2      | 1311 ||| UPGRADING to +0 scale mail.
  1321 | D:2      | 1321 ||| DROPPING +0 leather armour.
  1322 | D:2      | 1322 ||| DROPPING amulet of magic regeneration.
  1323 | D:2      | 1323 ||| UPGRADING to ring of protection from fire.
  1324 | D:2      | 1324 ||| READING scroll labelled WURIRE DIUPORCH.
  1425 | D:2      | 1425 ||| READING scroll labelled DABBOP WIMIOM.
  1706 | D:3      | Reached skill level 8 in Ranged Weapons
  1806 | D:3      | HP: 3/25 [gnoll/+0 halberd (8)]
  1806 | D:3      | HP: 1/25 [gnoll/+0 club (2)]
  1809 | D:3      | Slain by a gnoll

Levels and vault maps discovered:
D:1:      spicycebolla_green_bress_n_ham_2, layout_rooms,
          minmay_misc_feat_roman, amcnicky_mini_corridor_feature
D:2:      minmay_alternating_diamond, layout_basic
D:3:      layout_loops_ring

Skill      XL: |  1  2  3  4 |
---------------+-------------+-----
Ranged Weapons | 6 7 8 |  8.3
Fighting       | |  1.5
Dodging        | |  2.4
Stealth        | |  1.2

Action                     |  1- 3 |  4- 6 || total
---------------------------+-------+-------++-------
   Fire: Shortbow          |   120 |    90 ||   210
    Use: Scroll            |     4 |     2 ||     6
 Armour: Leather armour    |    17 |     3 ||    20
         Scale mail        |       |    38 ||    38
  Dodge: Dodged            |    19 |    38 ||    57

Table legend:
 A = Non-vault XP
 B = Vault XP
 C = Vault XP percentage of total XP
 D = Non-vault monster count
 E = Vault monster count
 F = Vault count percentage of total count
                 A         B        C        D         E       F
            +---------+---------+-------+---------+---------+-------
      Total |     163 |      22 |  11.9 |      62 |       4 |   6.1
            +---------+---------+-------+---------+---------+-------
        D:1 |      40 |       0 |   0.0 |      25 |       0 |   0.0
        D:2 |      48 |      22 |  31.4 |      18 |       4 |  18.2
        D:3 |      75 |       0 |   0.0 |      19 |       0 |   0.0
            +---------+---------+-------+---------+---------+-------
